 Dungeon Crawl Stone Soup version 0.30-b1-2-g02819fbbbe (webtiles) character file.

Game seed: 11299007788489878890

36 Alarkh the Shooter (level 3, 26/26 HPs)
             Began as a Demonspawn Hexslinger on July 7, 2023.
             Got out of the dungeon alive.
             The game lasted 00:01:04 (614 turns).

Alarkh the Shooter (Demonspawn Hexslinger)           Turns: 614, Time: 00:01:04

Health: 26/26      AC:  2    Str: 10    XL:     3   Next: 19%
Magic:  4/4        EV: 12    Int: 16    God:
Gold:   38         SH:  0    Dex: 13    Spells: 3/4 levels left

rFire   . . .        a - +1 sling
rCold   . . .        (no shield)
rNeg    . . .        c - +0 robe
rPois   .            (no helmet)
rElec   .            (no cloak)
rCorr   .            (no gloves)
SInv    .            (no boots)
Will    .....        (no amulet)
Stlth   +            (no ring)
HPRegen 0.24/turn    (no ring)
MPRegen 0.09/turn

%: no passive effects
@: no status effects
A: hooves 1, demonic magic 1
a: no special abilities


You escaped.
You visited 1 branch of the dungeon, and saw 2 of its levels.

You collected 38 gold pieces.

Inventory:

Hand Weapons
 a - a +1 sling (weapon)
Armour
 c - a +0 robe (worn)
Scrolls
 b - 3 scrolls of poison
 d - a scroll of immolation {unknown}
 f - a scroll of identify {unknown}
Potions
 e - a potion of curing {unknown}


   Skills:
 - Level 1.0 Fighting
 + Level 3.3 Ranged Weapons
 - Level 1.7 Dodging
 - Level 1.0 Spellcasting
 - Level 3.0 Hexes


You had 3 spell levels left.
You knew the following spells:

 Your Spells              Type           Power      Damage    Failure   Level
a - Slow                  Hex            40%        N/A       7%          1

Your spell library contained the following spells:

 Spells                   Type           Power      Damage    Failure   Level
 Cigotuvi's Dreadful Rot  Necr/Pois/Air  0%         N/A       34%         2
 Inner Flame              Hex/Fire       5%         N/A       36%         3
 Portal Projectile        Hex/Tloc       10%        N/A       36%         3
 Ignite Poison            Fire/Tmut/Pois 0%         N/A       56%         3
 Cause Fear               Hex            5%         N/A       54%         4
 Freezing Cloud           Conj/Ice/Air   0%         6-21      99%         5


Dungeon Overview and Level Annotations

Branches:
Dungeon (2/15)

Altars:


Innate Abilities, Weirdness & Mutations

You have large cloven feet.
Spells you cast may paralyse adjacent enemies.


Message History

A hobgoblin is nearby!
You shoot a sling bullet.
The sling bullet closely misses the hobgoblin.
You shoot a sling bullet.
The sling bullet barely misses the hobgoblin.
You hear a shout!
You shoot a sling bullet. The sling bullet hits the hobgoblin.
The hobgoblin is moderately wounded.
A hobgoblin comes into view.
You shoot a sling bullet. The sling bullet hits the hobgoblin.
The hobgoblin is heavily wounded.
You shoot a sling bullet. The sling bullet hits the hobgoblin.
You kill the hobgoblin!
You shoot a sling bullet.
The sling bullet closely misses the hobgoblin.
The hobgoblin hits you.
You shoot a sling bullet. The sling bullet hits the hobgoblin.
You kill the hobgoblin!
You hear a shout!
No target in view!
Unknown command.
A goblin comes into view. It is wielding a +0 club.
You can't go up here!
A goblin is nearby!
You shoot a sling bullet.
The sling bullet closely misses the goblin.
Unknown command.
Unknown command.
You shoot a sling bullet.
The sling bullet closely misses the goblin.
Unknown command.
You shoot a sling bullet. The sling bullet hits the goblin.
You kill the goblin!
Unknown command.
No target in view!
Unknown command.
Unknown command.
There is a staircase leading out of the dungeon here.
Are you sure you want to leave the Dungeon?
This will make you lose the game!
You have escaped!

####..#######†#
............#)# #.
#.......#..#.#
#.###.....###...#
#########..#.......#....#
.).....##.............#.#
.......##.....>#......#.#
.......##.....###.....#.#
..>....##......#@.....#.#
......................#.#
.......#...#.......#..#.#
#########.###.....###.#.#
#..#.......#..#.#
#.............#.#
#####..####.....#
#.......######.#
#.#####.# #.#


There were no monsters in sight!

Vanquished Creatures
  A worm (D:2)
  A dart slug (D:1)
  3 endoplasms (D:1)
  6 goblins
  4 hobgoblins
  A quokka (D:1)
  2 ball pythons (D:1)
  3 bats
  2 frilled lizards (D:1)
  A kobold (D:1)
  6 rats
30 creatures vanquished.

Notes
Turn   | Place    | Note
-------+----------+-------------------------------------------
     0 | D:1      | Alarkh the Demonspawn Hexslinger began the quest for the
                  | Orb.
     0 | D:1      | Reached XP level 1. HP: 15/15 MP: 2/2
     4 | D:1      | You fall into a shaft and drop 1 floor!
   197 | D:2      | Gained mutation: You have large cloven feet. [demonic
                  | ancestry]
   197 | D:2      | Reached XP level 2. HP: 21/21 MP: 3/3
   512 | D:1      | Gained mutation: Spells you cast may paralyse adjacent
                  | enemies. [demonic ancestry]
   512 | D:1      | Reached XP level 3. HP: 24/26 MP: 4/4
   614 | D:$      | Got out of the dungeon alive.

Illustrated notes

Levels and vault maps discovered:
D:1:      minmay_arrival_five_plusses, layout_basic
D:2:      layout_loops_ring, hellmonk_ecumenical_altar_prayer_group

Skill      XL: |  1  2 |
---------------+-------+-----
Ranged Weapons | 2 3 |  3.3
Fighting       | |  1.0
Dodging        | |  1.7
Spellcasting   | |  1.0
Hexes          | |  3.0

Action                     || total
---------------------------++-------
   Fire: Sling             ||    86
   Cast: Slow              ||     3
 Armour: Robe              ||     4
  Dodge: Dodged            ||     7
